 Dungeon Crawl Stone Soup version 0.24-a0-201-gf205589 (webtiles) character file.

Game seed: 1574416701430321688

58 Ivan the Skirmisher (level 3, -3/29 HPs)
             Began as a Demonspawn Abyssal Knight on Mar 23, 2019.
             Was a Follower of Lugonu.
             Slain by a sky beast (6 damage)
             ... on level 2 of the Dungeon.
             The game lasted 00:03:17 (1577 turns).

Ivan the Skirmisher (Demonspawn Abyssal Knight)     Turns: 1577, Time: 00:03:17

Health: -3/29      AC:  3    Str: 13    XL:     3   Next: 75%
Magic:  4/4        EV:  6    Int: 13    God:    Lugonu [*.....]
Gold:   70         SH:  0    Dex: 12    Spells: 2/2 levels left

rFire    x . .     SeeInvis .   a - +1 mace
rCold    + . .     Gourm    .   (no shield)
rNeg     . . .     Faith    .   b - +0 leather armour
rPois    .         Spirit   .   (no helmet)
rElec    .         Reflect  .   (no cloak)
rCorr    .         Harm     .   (no gloves)
MR       .....                  (no boots)
Stlth    +.........             (no amulet)
HPRegen  0.09/turn              e - ring of ice
MPRegen  0.09/turn              f - -5 ring of evasion (curse)

@: no status effects
A: rot immunity
a: Depart the Abyss, Renounce Religion


You were on level 2 of the Dungeon.
You worshipped Lugonu.
Lugonu was aware of your devotion.
You were very hungry.

You visited 1 branch of the dungeon, and saw 2 of its levels.
You visited the Abyss 1 time.

You collected 70 gold pieces.

Inventory:

Hand Weapons
 a - a +1 mace (weapon)
Armour
 b - a +0 leather armour (worn)
Jewellery
 e - a ring of ice (left hand)
 f - a cursed -5 ring of evasion (right hand)
 n - an uncursed ring of see invisible {unknown}
Scrolls
 d - 2 scrolls of fog {unknown}
 h - 3 scrolls of identify {unknown}
 i - 2 scrolls of remove curse {unknown}
 j - 3 scrolls of random uselessness {unknown}
 l - a scroll of amnesia {unknown}
Potions
 g - 2 potions of curing {unknown}
 k - a potion of heal wounds {unknown}
 m - a potion of haste {unknown}
Comestibles
 c - 4 rations


   Skills:
 + Level 3.4 Fighting
 + Level 2.5 Maces & Flails
 + Level 2.6 Armour
 + Level 0.8 Dodging
 + Level 0.6 Stealth
 + Level 2.5 Invocations


You had 2 spell levels left.
You didn't know any spells.
Your spell library was empty.

Dungeon Overview and Level Annotations

Branches:
Dungeon (2/15)

Altars:
Elyvilon


Innate Abilities, Weirdness & Mutations

You are immune to rotting.


Message History

The sky beast hits you. The sky beast shocks you.
You hit the sky beast.
The sky beast is heavily wounded.
The sky beast hits you. The sky beast shocks you.
The sky beast closely misses you.
You are too injured to fight recklessly!
You are too injured to fight recklessly!
You are too injured to fight recklessly!
You are too injured to fight recklessly!
You are too injured to fight recklessly!
You hit the sky beast.
The sky beast is severely wounded.
The sky beast flickers out of sight!
Deactivating autopickup; reactivate with Ctrl-A.
Something hits you. Something shocks you.
* * * LOW HITPOINT WARNING * * *
You closely miss something. Something hits you.
* * * LOW HITPOINT WARNING * * *
Something shocks you.
You die...

##.#.##.#.########.#####
..#....#...............
#.#.......).#####.#####
###########<####.#.##.# #.##
.................#.##.# #..####
#.......########.#.##.# #......
#.......#≈§.≈≈#..#.##.# #..####
#.......#§.#)≈##.#.##.#####..####
#.......'.#8#≈##@#.##.##.........
........#≈.#§§#.{#.##.##.........
....>...#§≈§§§#..#.##.##.........
.(......#######..#.# ##.........
..##.....# ...#.## #....>...##
..##.....# ###.#.##.#..........
..##.....# #.#.#..........).#
..##.....# #.#.####..........
..######.# #.#.............


There were no monsters in sight!

Vanquished Creatures
  A howler monkey skeleton (D:2)
  An adder (D:2)
  An ooze (D:2)
  A worm (D:2)
  A dart slug (D:2)
  A leopard gecko (D:2)
  8 bats
  A giant cockroach (D:2)
  3 goblins
  4 hobgoblins
  4 kobolds
  A frilled lizard (D:1)
  2 rats (D:2)
29 creatures vanquished.

Notes
Turn   | Place    | Note
-------+----------+-------------------------------------------
     0 | Abyss:1  | Ivan the Demonspawn Abyssal Knight began the quest for the
                  | Orb.
     0 | Abyss:1  | Reached XP level 1. HP: 18/18 MP: 2/2
    18 | Abyss:1  | Noticed a starcursed mass
    27 | D:1      | Escaped the Abyss
   340 | D:1      | Reached * piety under Lugonu
   401 | D:1      | Gained mutation: You are immune to rotting. [demonic
                  | ancestry]
   401 | D:1      | Reached XP level 2. HP: 24/24 MP: 3/3
   818 | D:2      | HP: 1/24 [adder (1)]
   819 | D:2      | Reached XP level 3. HP: 1/29 MP: 4/4
  1405 | D:2      | Found a white marble altar of Elyvilon.
  1568 | D:2      | Noticed a sky beast
  1577 | D:2      | Slain by a sky beast

Levels and vault maps discovered:
D:1:      grunt_arrival_lava_bath, layout_basic, kennysheep_doodads,
          minmay_misc_feat_rows, grunt_decor_resistance
D:2:      layout_basic, lemuel_doored_altar, first_ration,
          kennysheep_generic_room_13
Abyss:1

Skill      XL: |  1 |
---------------+----+-----
Maces & Flails | 2 |  2.5
Armour         | 2 |  2.6
Fighting       | |  3.4
Dodging        | |  0.8
Stealth        | |  0.6
Invocations    | |  2.5

Action                   || total
-------------------------++-------
Melee: Mace              ||    76
Invok: Depart the Abyss  ||     1
 Stab: Sleeping          ||     1
  Eat: Chunk             ||     1
Armor: Leather armour    ||    42
Dodge: Dodged            ||    26

Table legend:
 A = Non-vault XP
 B = Vault XP
 C = Vault XP percentage of total XP
 D = Non-vault monster count
 E = Vault monster count
 F = Vault count percentage of total count
                 A         B        C        D         E       F
            +---------+---------+-------+---------+---------+-------
      Total |      81 |       2 |   2.4 |      28 |       1 |   3.4
            +---------+---------+-------+---------+---------+-------
        D:1 |      17 |       0 |   0.0 |      11 |       0 |   0.0
        D:2 |      64 |       2 |   3.0 |      17 |       1 |   5.6
            +---------+---------+-------+---------+---------+-------
